 Dungeon Crawl Stone Soup version 0.30.1-11-g7821555f0a (webtiles) character file.

Game seed: 9703559534900360124

31306 2FriedEggs the Summoner (level 13, -34/79 HPs)
             Began as an Octopode Conjurer on Nov 14, 2023.
             Was the Champion of Hepliaklqana.
             Killed from afar by a lindwurm (47 damage)
             ... with a blast of flame
             ... on level 5 of the Lair of Beasts.
             The game lasted 00:56:33 (16230 turns).

2FriedEggs the Summoner (Octopode Conjurer)        Turns: 16230, Time: 00:56:33

Health: -34/79     AC:  4    Str: 12    XL:     13   Next: 57%
Magic:  20/36      EV: 23    Int: 34    God:    Hepliaklqana [******]
Gold:   861        SH:  0    Dex:  7    Spells: 3/30 levels left

rFire   . . .        B - +5 woodcutter's axe
rCold   + . .        (shield currently unavailable)
rNeg    . . .        G - +3 hat of Pondering {ponderous, Will+ MP+10 Int+5}
rPois   .            A - amulet of faith
rElec   .            n - ring of see invisible
rCorr   .            v - ring of protection from fire
SInv    +            D - ring "Lietul" {Ice Will++ Int+2 Dex-4 Slay+2}
Will    +++..        E - ring "Huattonu" {EV+5 Int+2 Stlth+}
Stlth   ++++         F - +4 ring of slaying
HPRegen 0.33/turn    M - +6 ring of strength
MPRegen 0.25/turn    O - +5 ring of evasion
                     (no ring)

%: faith
@: slow
A: reduced essence, almost no armour, amphibious, 8 rings, camouflage 1,
gelatinous body 1, (nimble swimmer 1), tentacles
a: Renounce Religion, Recall Ancestor, Ancestor Identity, Transference, Idealise


You were on level 5 of the Lair of Beasts.
You worshipped Hepliaklqana.
Hepliaklqana was exalted by your worship.
You visited 2 branches of the dungeon, and saw 16 of its levels.
You also visited: Ossuary.

You collected 929 gold pieces.
You spent 68 gold pieces at shops.

Inventory:

Hand Weapons
 B - the +5 woodcutter's axe (weapon)
   (You took it off a gnoll sergeant on level 6 of the Dungeon)
Missiles
 H - a throwing net
Armour
 G - the +3 hat of Pondering (worn) {ponderous, Will+ MP+10 Int+5}
   (You took it off Gastronok on level 8 of the Dungeon)

   Int:       It affects your intelligence (+5).
   MP:        It affects your magic capacity (+10).
   Will:      It increases your willpower.
Jewellery
 m - an amulet of guardian spirit
 n - a ring of see invisible (left tentacle)
 v - a ring of protection from fire (right tentacle)
 A - an amulet of faith (around mantle)
 D - the ring "Lietul" (on tentacle) {Ice Will++ Int+2 Dex-4 Slay+2}
   (You found it on level 7 of the Dungeon)

   [ring of ice]

   It enhances your ice magic.
   Int:       It affects your intelligence (+2).
   Dex:       It affects your dexterity (-4).
   Slay:      It affects your accuracy & damage with ranged weapons and melee
   (+2).
   rF:        It makes you vulnerable to fire.
   rC:        It protects you from cold.
   Will:      It greatly increases your willpower.
 E - the ring "Huattonu" (on tentacle) {EV+5 Int+2 Stlth+}
   (You found it on level 7 of the Dungeon)

   [ring of evasion]

   EV:        It affects your evasion (+5).
   Int:       It affects your intelligence (+2).
   Stlth:     It makes you more stealthy.
 F - a +4 ring of slaying (on tentacle)
 M - a +6 ring of strength (on tentacle)
 O - a +5 ring of evasion (on tentacle)
Wands
 p - a wand of roots (21)
 C - a wand of flame (18)
 I - a wand of paralysis (6)
Scrolls
 d - 2 scrolls of vulnerability
 f - 3 scrolls of fog {unknown}
 g - 2 scrolls of poison
 k - 4 scrolls of teleportation
 q - a scroll of magic mapping
 t - 2 scrolls of enchant armour
 x - 2 scrolls of fear
 y - 3 scrolls of noise {unknown}
 z - 2 scrolls of enchant weapon {unknown}
 K - 4 scrolls of amnesia
 L - 2 scrolls of identify
 N - a scroll of brand weapon {unknown}
 P - a scroll of blinking {unknown}
Potions
 b - 3 potions of ambrosia {unknown}
 c - 5 potions of curing
 e - a potion of berserk rage {unknown}
 h - 5 potions of degeneration {unknown}
 i - 3 potions of mutation {unknown}
 j - 4 potions of haste {unknown}
 l - 5 potions of cancellation {unknown}
 o - 3 potions of attraction {unknown}
 r - 3 potions of resistance {unknown}
 s - 3 potions of heal wounds {unknown}
 u - 5 potions of flight {unknown}
 w - 2 potions of brilliance {unknown}
 J - 7 potions of might


   Skills:
 - Level 7.9 Fighting
 - Level 1.0 Throwing
 - Level 5.1 Dodging
 - Level 2.6 Stealth
 - Level 9.4 Spellcasting
 - Level 10.1 Conjurations
 - Level 5.0 Hexes
 * Level 12.7 Summonings
 - Level 4.9 Translocations
 - Level 7.1 Invocations


You had 3 spell levels left.
You knew the following spells:

 Your Spells              Type           Power      Damage    Failure   Level
a - Magic Dart            Conj           100%       1d8       1%          1
b - Searing Ray           Conj           100%       2d8       1%          2
c - Iskenderun's Mystic   Conj/Tloc      61%        2d13      1%          4
d - Fulminant Prism       Conj/Hex       30%        3d15      1%          4
e - Sticky Flame          Conj/Fire      50%        2d7       3%          4
f - Monstrous Menagerie   Summ           40%        N/A       13%         7
g - Summon Mana Viper     Hex/Summ       66%        N/A       1%          5

Your spell library contained the following spells:

 Spells                   Type           Power      Damage    Failure   Level
 Shock                    Conj/Air       100%       1d9       1%          1
 Ensorcelled Hibernation  Hex/Ice        98%        N/A       1%          2
 Call Canine Familiar     Summ           80%        N/A       1%          3
 Dazzling Flash           Conj/Hex       100%       N/A       1%          3
 Portal Projectile        Hex/Tloc       98%        N/A       1%          3
 Tukima's Dance           Hex            50%        N/A       1%          3
 Vhi's Electric Charge    Tloc/Air       64%        N/A       3%          3
 Passwall                 Tmut/Erth      13%        N/A       4%          2
 Ignite Poison            Fire/Tmut/Pois 16%        N/A       9%          3
 Ozocubu's Armour         Ice            24%        N/A       9%          3
 Swiftness                Air            16%        N/A       9%          3
 Summon Ice Beast         Ice/Summ       73%        N/A       1%          4
 Summon Forest            Summ/Tloc      33%        N/A       1%          5
 Cause Fear               Hex            25%        N/A       3%          4
 Passage of Golubria      Tloc           49%        N/A       3%          4
 Anguish                  Hex/Necr       16%        N/A       10%         4
 Leda's Liquefaction      Hex/Erth       16%        N/A       10%         4
 Arcjolt                  Conj/Air       25%        1d35      10%         5
 Summon Hydra             Summ           40%        N/A       13%         7
 Airstrike                Air            8%         2d(2-18)  28%         4
 Animate Dead             Necr           16%        N/A       28%         4
 Metabolic Englaciation   Hex/Ice        24%        N/A       28%         5
 Yara's Violent Unravell  Hex/Tmut       16%        3d8       28%         5
 Borgnjor's Vile Clutch   Necr/Erth      8%         N/A       61%         5
 Enfeeble                 Hex            25%        N/A       97%         7
 Death Channel            Necr           8%         N/A       99%         6
 Eringya's Noxious Bog    Tmut/Pois      8%         N/A       99%         6
 Simulacrum               Ice/Necr       12%        N/A       99%         6
 Borgnjor's Revivificati  Necr           8%         N/A       100%        8
 Ignition                 Fire           8%         3d5       100%        8
 Maxwell's Capacitive Co  Air            8%         ∞         100%        8
 Necromutation            Tmut/Necr      8%         N/A       100%        8
 Death's Door             Necr           8%         N/A       100%        9


Dungeon Overview and Level Annotations

Branches:
Dungeon (11/15)            Temple (0/1) D:5            Lair (5/5) D:9
  Swamp (0/4) Lair:3        Snake (0/4) Lair:3        Slime (0/5) Lair:4
    Orc (0/2) D:9         Ossuary (visited)

Altars:
Ashenzari
Hepliaklqana
Trog
Vehumet
Yredelemnul
Zin
The Shining One
Jiyva

Shops:
D:6 (   D:8 *   D:10 *

Annotations:
D:5 exclusion: yak
Lair:3 3 runed translucent doors, JimboTheBarbarian's ghost, journeyman MiBe; Kanwenku's ghost, journeyman MiFi; Petet's ghost, journeyman HOGl; Waaq's ghost, journeyman GrBe
Lair:4 2 transporters, exclusion: 4 oklob plants, Kyusiynim's ghost, journeyman GnEn


Innate Abilities, Weirdness & Mutations

Your life essence is reduced to manifest your ancestor. (-10% HP)
You cannot wear most types of armour.
You are amphibious.
You can wear up to eight rings at the same time.
Your skin changes colour to match your surroundings (Stealth+).
Your rubbery body absorbs attacks. (AC +1, EV +1)
((You are camouflaged when in or above water. (Stealth+)))
You have tentacles for arms and can constrict up to eight enemies at once.


Message History

The dire elephant is almost dead.
You slash the komodo dragon! You slash the fungus!
The fungus begins to die.
The dire elephant burns!
The komodo dragon bites you!
Your lindwurm bites the dire elephant but does no damage.
Your lindwurm claws the dire elephant!
Your lindwurm claws the dire elephant.
Octomom hits the dire elephant but does no damage.
Your lindwurm bites the dire elephant but does no damage.
Your lindwurm claws the dire elephant.
The dire elephant dies!
Unknown command.
Unknown command.
You slice the komodo dragon!! Your squeeze misses the komodo dragon.
The komodo dragon is severely wounded.
You slash the fungus!
The komodo dragon completely misses you.
Your lindwurm bites the komodo dragon.
Your lindwurm claws the komodo dragon but does no damage.
Your lindwurm claws the komodo dragon.
The lindwurm barely misses Octomom. x2
The lindwurm claws Octomom but does no damage.
The elephant tramples Octomom but does no damage.
The elephant trunk-slaps Octomom but does no damage.
Unknown command.
You hit the komodo dragon.
You squeeze the komodo dragon, but do no damage.
The komodo dragon is almost dead.
You slash the fungus!
Your lindwurm disappears in a puff of smoke!
The komodo dragon bites you!!
* * * LOW HITPOINT WARNING * * *
Octomom points at the lindwurm and mumbles some strange words.
The stone arrow hits the lindwurm!!
Your lindwurm breathes flames at the komodo dragon.
The blast of flame hits the komodo dragon!
The komodo dragon dies!
The elephant tramples Octomom but does no damage.
The elephant trunk-slaps Octomom but does no damage.
The lindwurm breathes flames at you.
The blast of flame misses Octomom.
The blast of flame hits you!!!
Ouch! That really hurt!
You die...

........# .......#####.#
<......#..#.. .............
#.#.......... ###
###............
#####.#######.#............
........#..###.k†..........
...........#kR.§@P..........
##.........XY#P###[.........
#.##.......#### #..........
##...........# ##....†.....
###......X....# #..........
......#.Y.....# #.†........
.....#.....#.## #..†##.....
.....#...P.### #....#†..#
...........# # #.....# #


You could see the friendly Octomom the battlemage, an elephant, a nameless
horror, a lindwurm (catching breath, ally target) and a friendly lindwurm
(summoned, catching breath).

Vanquished Creatures
  Gastronok (D:8)
  3 hydras
  2 two-headed ogres
  A death yak (Lair:3)
  2 skysharks (Lair:3)
  An oklob plant (Lair:2)
  An elephant (Lair:5)
  2 nameless horrors (Lair:5)
  A black mamba (Lair:3)
  3 cane toads
  2 molten gargoyles (Lair:3)
  Maggie (D:9)
  A rime drake (Lair:5)
  A wind drake (shapeshifter) (D:10)
  A hornet (D:9)
  10 blink frogs
  5 wyverns
  7 yaks
  7 water moccasins
  An orc warrior (D:8)
  A sky beast (D:7)
  3 black bears
  5 wolves
  5 centaurs
  An ogre (D:6)
  A kobold brigand (D:8)
  4 bullfrogs
  An elf zombie (Ossuary)
  3 gnoll sergeants (D:6)
  2 killer bees (D:10)
  2 howler monkeys (D:8)
  7 lava snakes (Lair:3)
  2 hounds
  2 human zombies (Ossuary)
  2 jellies
  2 gnoll boudas
  2 orc priests
  3 iguanas
  2 orc wizards
  4 hell rats (Lair:3)
  4 gnolls
  5 adders
  A shadow imp (D:7)
  A white imp (D:6)
  An adder zombie (Ossuary)
  A dart slug (D:3)
  A worm (D:2)
  18 orcs
  4 ball pythons
  3 endoplasms
  A giant cockroach (D:1)
  7 goblins
  6 hobgoblins
  2 quokkas
  5 bats
  A frilled lizard (D:2)
  8 hobgoblin zombies (Ossuary)
  A jackal zombie (Ossuary)
  8 kobolds
  8 kobold zombies (Ossuary)
  4 orc zombies (Ossuary)
  2 rats
  A rat zombie (Ossuary)
  A fulminant prism (Lair:2)
201 creatures vanquished.

Vanquished Creatures (collateral kills)
  2 dire elephants (Lair:5)
  A nameless horror (Lair:5)
  A hydra (Lair:5)
  2 boulder beetles
  A lindwurm (Lair:5)
  A manticore (D:10)
  A salamander (Lair:3)
  4 elephants (Lair:5)
  A torpor snail (Lair:3)
  3 cane toads
  Psyche (D:8)
  5 komodo dragons
  5 dream sheep (Lair:5)
  11 blink frogs
  3 shadows
  A wyvern (D:8)
  A basilisk (Lair:3)
  6 yaks
  A steam dragon (D:9)
  An acid dragon (D:7)
  2 water moccasins
  An orc warrior (D:11)
  A sky beast (D:7)
  An ice beast (D:5)
  A black bear (D:5)
  3 wolves
  2 centaurs
  A phantom (D:5)
  A kobold brigand (D:8)
  2 bullfrogs
  A gnoll sergeant (D:6)
  3 scorpions
  3 killer bees (D:10)
  A howler monkey (D:10)
  A hound (D:5)
  A jelly (D:5)
  A gnoll bouda (D:6)
  2 iguanas
  3 orc wizards
  A sleepcap (D:5)
  A hell rat (Lair:3)
  2 mummies (Ossuary)
  3 gnolls
  2 adders
  A white imp (D:5)
  An adder zombie (Ossuary)
  A worm (D:5)
  12 orcs
  3 endoplasms
  A giant cockroach (D:3)
  A goblin (D:2)
  A quokka (D:4)
  A bat (D:2)
  6 hobgoblin zombies (Ossuary)
  4 kobolds (D:8)
  3 kobold zombies (Ossuary)
  An orc zombie (Ossuary)
128 creatures vanquished.

Vanquished Creatures (others)
  12 battlemagi
  46 fulminant prisms
58 creatures vanquished.

Grand Total: 387 creatures vanquished

Notes
Turn   | Place    | Note
-------+----------+-------------------------------------------
     0 | D:1      | 2FriedEggs the Octopode Conjurer began the quest for the
                  | Orb.
     0 | D:1      | Reached XP level 1. HP: 11/11 MP: 3/3
   253 | D:1      | Found a faded altar of an unknown god.
   278 | D:1      | Prayed at the altar of an unknown god.
   278 | D:1      | Became a worshipper of Hepliaklqana the Forgotten
   278 | D:1      | Reached * piety under Hepliaklqana
   331 | D:1      | Reached XP level 2. HP: 9/15 MP: 3/5
   474 | D:1      | Learned a level 2 spell: Searing Ray
  1100 | D:2      | Reached XP level 3. HP: 18/18 MP: 0/7
  2000 | D:2      | Reached ** piety under Hepliaklqana
  2115 | D:3      | Remembered your ancestor Octomom as a battlemage
  2140 | D:3      | Reached XP level 4. HP: 24/24 MP: 5/9
  2526 | D:3      | Found a basalt altar of Yredelemnul.
  2527 | D:3      | Found a bloodstained altar of Trog.
  2701 | D:4      | Noticed a black bear
  2708 | D:4      | Killed a black bear
  2709 | D:4      | Reached skill level 5 in Spellcasting
  2709 | D:4      | Reached XP level 5. HP: 27/27 MP: 3/12
  2727 | D:4      | Reached XP level 6. HP: 32/32 MP: 3/14
  3325 | D:4      | Reached *** piety under Hepliaklqana
  3331 | D:4      | Learned a level 4 spell: Iskenderun's Mystic Blast
  3581 | D:5      | Entered Level 5 of the Dungeon
  3621 | D:5      | Noticed a black bear
  3624 | D:5      | Killed a black bear
  3625 | D:5      | Reached skill level 1 in Translocations
  3631 | D:5      | Reached skill level 5 in Conjurations
  3631 | D:5      | Reached XP level 7. HP: 36/36 MP: 7/15
  3967 | D:5      | Found a staircase to the Ecumenical Temple.
  4250 | D:5      | Noticed a yak
  4682 | D:6      | Reached XP level 8. HP: 41/41 MP: 10/16
  4832 | D:6      | Found Zaenuw's Antique Weapon Shop.
  5721 | D:6      | Identified the +5 hand axe of Mubafig {venom, Dex+5}
  5971 | D:7      | Reached **** piety under Hepliaklqana
  6009 | D:7      | Reached skill level 1 in Invocations
  6009 | D:7      | Reached XP level 9. HP: 44/45 MP: 11/17
  6177 | D:7      | Found a glowing silver altar of Zin.
  6190 | D:7      | Identified the +0 robe "Pokeastri" {rPois Int+3}
  6412 | D:7      | Found a sand-covered staircase.
  6418 | Ossuary  | Entered an ossuary
  6763 | D:7      | Reached skill level 5 in Invocations
  6912 | D:7      | Identified the ring "Lietul" {Ice Will++ Int+2 Dex-4
                  | Slay+2}
  7105 | D:7      | Identified the ring "Huattonu" {EV+5 Int+2 Stlth+}
  7460 | D:8      | Reached skill level 1 in Fighting
  7461 | D:8      | Noticed Psyche
  7467 | D:8      | Killed Psyche
  7468 | D:8      | Reached XP level 10. HP: 44/54 MP: 2/19
  7583 | D:8      | Found Pastroti's Neck Hole.
  8017 | D:8      | Noticed Gastronok
  8030 | D:8      | Killed Gastronok
  8156 | D:9      | Reached ***** piety under Hepliaklqana
  8197 | D:9      | Found a staircase to the Orcish Mines.
  8269 | D:9      | Reached skill level 5 in Fighting
  8414 | D:9      | Noticed Maggie
  8424 | D:9      | Killed Maggie
  8466 | D:9      | Found a glowing golden altar of the Shining One.
  8657 | D:9      | Noticed a two-headed ogre
  8663 | D:9      | Killed a two-headed ogre
  8721 | D:9      | Found a staircase to the Lair.
  9029 | D:9      | Learned a level 4 spell: Fulminant Prism
  9032 | D:10     | Entered Level 10 of the Dungeon
  9118 | D:10     | Noticed a manticore
  9125 | D:10     | Killed a manticore
  9126 | D:10     | Reached XP level 11. HP: 65/66 MP: 21/23
  9479 | D:10     | Noticed a two-headed ogre
  9484 | D:10     | Killed a two-headed ogre
  9862 | D:10     | Found Tocama's General Store.
  9865 | D:10     | Bought a potion of might for 68 gold pieces
 10206 | Lair:1   | Entered Level 1 of the Lair of Beasts
 10232 | Lair:1   | Learned a level 4 spell: Sticky Flame
 11157 | Lair:1   | Reached skill level 5 in Dodging
 11242 | Lair:2   | Reached skill level 10 in Conjurations
 11361 | Lair:2   | Learned a level 7 spell: Monstrous Menagerie
 11424 | Lair:2   | Reached skill level 1 in Throwing
 11616 | Lair:2   | Reached skill level 1 in Summonings
 11717 | Lair:2   | Found a broken altar of Ashenzari.
 11717 | Lair:2   | Noticed an oklob plant
 11901 | Lair:2   | Killed an oklob plant
 11902 | Lair:2   | Reached skill level 2 in Summonings
 12173 | Lair:3   | Reached skill level 3 in Summonings
 12276 | Lair:3   | Reached skill level 4 in Summonings
 12276 | Lair:3   | Reached XP level 12. HP: 73/73 MP: 25/25
 12444 | Lair:3   | Noticed a boulder beetle
 12453 | Lair:3   | Killed a boulder beetle
 12454 | Lair:3   | Reached skill level 5 in Summonings
 12476 | Lair:3   | Noticed a seven-headed hydra
 12490 | Lair:3   | Killed a seven-headed hydra
 12491 | Lair:3   | Reached skill level 6 in Summonings
 12612 | Lair:3   | Noticed a death yak
 12620 | Lair:3   | Reached skill level 1 in Hexes
 12626 | Lair:3   | Killed a death yak
 12838 | Lair:3   | Found a staircase to the Snake Pit.
 12845 | Lair:3   | Reached skill level 7 in Summonings
 12944 | Lair:3   | Identified the +9 spear of the Thirteen Cities {freeze,
                  | Str+2}
 12961 | Lair:3   | Found a staircase to the Swamp.
 12980 | Lair:3   | Reached ****** piety under Hepliaklqana
 13083 | Lair:3   | Noticed a skyshark
 13089 | Lair:3   | Killed a skyshark
 13288 | Lair:3   | Noticed a skyshark
 13296 | Lair:3   | Killed a skyshark
 13297 | Lair:3   | Reached skill level 5 in Hexes
 13297 | Lair:3   | Reached skill level 8 in Summonings
 13504 | Lair:3   | Found a runed translucent gate.
 13504 | Lair:3   | Found a runed translucent gate.
 13504 | Lair:3   | Found a runed translucent gate.
 13505 | Lair:3   | Noticed Petet's ghost (journeyman HOGl)
 13505 | Lair:3   | Noticed Waaq's ghost (journeyman GrBe)
 13506 | Lair:3   | Noticed Kanwenku's ghost (journeyman MiFi)
 13512 | Lair:3   | Noticed JimboTheBarbarian's ghost (journeyman MiBe)
 13736 | Lair:4   | Found a radiant altar of Vehumet.
 13744 | Lair:4   | Found a staircase to the Slime Pits.
 14273 | Lair:4   | Found a transporter.
 14281 | Lair:4   | Identified the +2 great sword of Trog's Condemnation
                  | {heavy, Str+4 Dex-5}
 14318 | Lair:4   | Noticed Kyusiynim's ghost (journeyman GnEn)
 14404 | Lair:4   | Reached skill level 9 in Summonings
 14680 | Lair:4   | Found a transporter.
 14977 | Lair:4   | Found a viscous altar of Jiyva.
 15173 | Lair:5   | Entered Level 5 of the Lair of Beasts
 15173 | Lair:5   | Noticed a seven-headed hydra
 15196 | Lair:5   | Noticed a boulder beetle
 15205 | Lair:4   | Learned a level 5 spell: Summon Mana Viper
 15256 | Lair:5   | Noticed an eight-headed hydra
 15264 | Lair:5   | Killed a seven-headed hydra
 15265 | Lair:5   | Reached XP level 13. HP: 79/79 MP: 13/26
 15266 | Lair:5   | Reached skill level 10 in Summonings
 15423 | Lair:5   | Noticed a dire elephant
 15423 | Lair:5   | Noticed a dire elephant
 15423 | Lair:5   | Noticed a dire elephant
 15423 | Lair:5   | Noticed a dire elephant
 15430 | Lair:5   | Noticed a nameless horror
 15492 | Lair:5   | Reached skill level 11 in Summonings
 15734 | Lair:5   | Killed a dire elephant
 15823 | Lair:5   | Reached skill level 12 in Summonings
 16228 | Lair:5   | Killed a dire elephant
 16230 | Lair:5   | Killed from afar by a lindwurm

Illustrated notes

Levels and vault maps discovered:
D:1:      lightli_molten_gateway, layout_basic,
          chequers_ecumenical_altar_simple_redux
D:2:      layout_loops_ring
D:3:      layout_rooms, mainiacjoe_overflow_divided_tiny, item_on_display_a
D:4:      layout_basic
D:5:      layout_basic, minmay_temple_entry_grid, minmay_misc_feat_four_crosses
D:6:      layout_loops_corners, serial_shops, shop, pf_guarded_unrand_woodcutter
D:7:      layout_basic, mainiacjoe_overflow_six_doors_small,
          nicolae_ossuary_entry_plus, minmay_checkerbox
D:8:      layout_loops_cross, serial_shops, kennysheep_mini, kennysheep_path_1,
          nicolae_shop_sticking_my_neck_out, uniq_gastronok, uniq_psyche
D:9:      layout_cave_pods, tso_oasis_becter, serial_column_ruins,
          column_ruins_corridor_straight, column_ruins_open_tiny,
          column_ruins_open_tiny, column_ruins_open_tiny,
          column_ruins_corridor_plus, uniq_maggie
D:10:     layout_roguey, serial_shops, kennysheep_mini_moat
D:11:     layout_long_grid
Lair:1:   layout_long_grid, lemuel_fruit_fields
Lair:2:   layout_roguey, lemuel_oklob_altar
Lair:3:   cheibrodos_magma_flow, layout_cave_shapes,
          minmay_swamp_entry_reptiles, nicolae_snake_entry_warm_welcome,
          gammafunk_ghost_cemetery, chequers_serial_rivers_room_a
Lair:4:   layout_long_grid, minmay_slime_entry_oklob_open,
          gammafunk_ghost_berserking_beasts, basic_altar, lemuel_fruit_tree
Lair:5:   due_jungle_book, layout_cave_pods, grunt_megastairs_3

Skill      XL: |  1  2  3  4  5  6  7  8  9 10 11 12 13 |
---------------+----------------------------------------+-----
Spellcasting   | 3 5 6 8 9 |  9.4
Translocations | 1 3 4 |  4.9
Conjurations   | 5 6 8 9 10 | 10.1
Invocations    | 1 7 |  7.1
Fighting       | 2 6 7 |  7.9
Dodging        | 4 5 |  5.1
Throwing       | 1 |  1.0
Summonings     | 4 9 12 | 12.7
Hexes          | 5 |  5.0
Stealth        | |  2.6

Action                     |  1- 3 |  4- 6 |  7- 9 | 10-12 | 13-15 || total
---------------------------+-------+-------+-------+-------+-------++-------
  Melee: Unarmed           |    16 |       |    14 |       |       ||    30
         Tentacles         |     6 |       |    15 |    13 |     6 ||    40
         Constrict         |     4 |       |    15 |    11 |     1 ||    31
         Punch             |       |       |     2 |     1 |       ||     3
         Battleaxe         |       |       |    48 |    60 |    18 ||   126
   Cast: Magic Dart        |    13 |    24 |    26 |     3 |     1 ||    67
         Searing Ray       |    17 |    16 |    23 |    27 |     3 ||    86
         Iskenderun's Myst |       |       |    18 |    36 |     8 ||    62
         Fulminant Prism   |       |       |       |    46 |     1 ||    47
         Sticky Flame      |       |       |       |     1 |     1 ||     2
         Summon Mana Viper |       |       |       |     3 |     3 ||     6
         Monstrous Menager |       |       |       |       |    10 ||    10
 Invoke: Ancestor Identity |     1 |       |       |       |       ||     1
         Ancestor Life: Ba |     1 |       |       |       |       ||     1
         Recall Ancestor   |       |       |     3 |     1 |       ||     4
         Idealise          |       |       |       |     1 |       ||     1
  Evoke: Wand              |       |       |     1 |     1 |       ||     2
    Use: Scroll            |       |       |     5 |     3 |     3 ||    11
         Potion            |       |       |       |       |     3 ||     3
   Stab: Sleeping          |     2 |       |     1 |     2 |       ||     5
         Distracted        |       |       |     1 |     2 |       ||     3
 Armour: Skin              |     3 |       |     3 |    11 |       ||    17
  Dodge: Dodged            |    16 |     2 |    54 |    91 |    34 ||   197
